 Dungeon Crawl Stone Soup version 0.27.1-2-g3b301248ec (webtiles) character file.

Game seed: 7037314057724453031

95 bnorton916 the Conjurer (level 4, 0/24 HPs)
             Began as a Deep Elf Conjurer on Sept 22, 2021.
             Frozen to death by an endoplasm (1 damage)
             ... on level 2 of the Dungeon.
             The game lasted 00:01:29 (1981 turns).

bnorton916 the Conjurer (Deep Elf Conjurer)         Turns: 1981, Time: 00:01:29

Health: 0/24       AC:  2    Str:  4    XL:     4   Next: 39%
Magic:  8/13       EV: 12    Int: 24    God:
Gold:   54         SH:  0    Dex: 13    Spells: 10/13 levels left

rFire    . . .     SeeInvis .   (no weapon)
rCold    . . .     Faith    .   (no shield)
rNeg     . . .     Spirit   .   a - +0 robe
rPois    .         Reflect  .   (no helmet)
rElec    .         Harm     .   (no cloak)
rCorr    .         Rampage  .   (no gloves)
Will     .....                  (no boots)
Stlth    ++........             (no amulet)
HPRegen  0.08/turn              (no ring)
MPRegen  0.13/turn              (no ring)

@: no status effects
A: no striking features
a: no special abilities


You were on level 2 of the Dungeon.
You visited 1 branch of the dungeon, and saw 3 of its levels.

You collected 54 gold pieces.

Inventory:

Armour
 a - a +0 robe (worn)
Jewellery
 b - a ring of fire
Scrolls
 c - a scroll of fog {unknown}
 f - 2 scrolls of identify
 g - a scroll of teleportation {unknown}
Potions
 d - 2 potions of curing {unknown}
 e - 2 potions of ambrosia
 h - a potion of berserk rage {unknown}
 i - a potion of magic {unknown}


   Skills:
 - Level 2.4 Dodging
 - Level 2.4 Stealth
 + Level 5.0 Spellcasting
 + Level 5.5 Conjurations


You had 10 spell levels left.
You knew the following spells:

 Your Spells              Type           Power      Damage    Failure   Level
a - Magic Dart            Conj           100%       1d8       1%          1
b - Searing Ray           Conj           64%        3d5       1%          2

Your spell library contained the following spells:

 Spells                   Type           Power      Damage    Failure   Level
 Dazzling Flash           Conj/Hex       38%        N/A       9%          3
 Mephitic Cloud           Conj/Pois/Air  14%        N/A       12%         3
 Gell's Gravitas          Tloc           3%         N/A       26%         3
 Spider Form              Tmut/Pois      3%         N/A       26%         3
 Fulminant Prism          Conj/Hex       9%         3d7       28%         4
 Iskenderun's Mystic Bla  Conj/Tloc      19%        2d6       28%         4


Dungeon Overview and Level Annotations

Branches:
Dungeon (3/15)

Altars:


Message History

Confirm with . or Enter, or press ? or * to list all spells.
Aiming: Searing Ray (safe; 1% risk of failure)
Press: ? - help, Shift-Dir - straight line, f - goblin
Aim: a goblin, wielding a +0 dagger (76% to hit)
The searing ray hits the goblin!
You kill the goblin!
The searing ray hits the goblin!
You kill the goblin!
The searing ray hits the goblin!
You kill the goblin!
The searing ray hits the ogre.
The ogre is lightly wounded. (Press . to maintain the ray.)
The searing ray misses the goblin.
The searing ray hits the goblin.
You kill the goblin!
The searing ray hits the ogre.
The ogre is moderately wounded.
The searing ray hits the goblin!
You kill the goblin!
Your Spellcasting skill increases to level 5!
The searing ray hits the ogre!
The ogre is heavily wounded.
The searing ray hits the goblin.
You kill the goblin!
The endoplasm closely misses you. The goblin barely misses you.
The ogre hits you with a +0 giant spiked club!!
Ouch! That really hurt!
* * * LOW HITPOINT WARNING * * *
The endoplasm hits you.
* * * LOW HITPOINT WARNING * * *
The goblin hits you with a +0 dagger.
* * * LOW HITPOINT WARNING * * *
You climb upwards.
There is a stone staircase leading down here.
As you read the scroll labelled SEKEAZATIO, it crumbles to dust.
It is a scroll of identify.
e - 2 potions of ambrosia The endoplasm freezes you.
You are frozen.
You die...

...##......#....######
...#####...#.##.#....#
.....# #...#.##.#.##.#
####.# #...#.†.....#.#
####.# #...###.##..#.#
.....# ##....#.##..#.#####
.#######.....#..g..#.....#
..........#..#.#J#.#.....#
...#####.#####.#@#.#.....#
...#...........#O#.#######
#...##.#########.#.#
..........# #...#
#...#.....# #####
#...#.....# #...#.....#
###########


You could see an ogre, an endoplasm and a goblin.

Vanquished Creatures
  Jessica (D:2)
  2 adders (D:2)
  An adder skeleton (D:2)
  3 worms
  A dart slug (D:1)
  A ball python (D:1)
  3 endoplasms (D:1)
  3 giant cockroaches
  6 goblins (D:3)
  5 hobgoblins
  A quokka (D:2)
  3 bats
  2 frilled lizards
  2 kobolds (D:1)
  2 rats
36 creatures vanquished.

Notes
Turn   | Place    | Note
-------+----------+-------------------------------------------
     0 | D:1      | bnorton916 the Deep Elf Conjurer began the quest for the
                  | Orb.
     0 | D:1      | Reached XP level 1. HP: 10/10 MP: 6/6
   245 | D:1      | Reached XP level 2. HP: 15/15 MP: 5/8
   750 | D:1      | Got the Guide on Warped Contamination
  1060 | D:2      | Learned a level 2 spell: Searing Ray
  1278 | D:2      | Found a faded altar of an unknown god.
  1381 | D:2      | Reached skill level 5 in Conjurations
  1381 | D:2      | Reached XP level 3. HP: 19/19 MP: 5/10
  1707 | D:2      | Noticed Jessica
  1709 | D:2      | Killed Jessica
  1710 | D:2      | Reached XP level 4. HP: 24/24 MP: 8/12
  1975 | D:3      | Noticed an ogre
  1978 | D:3      | Reached skill level 5 in Spellcasting
  1979 | D:3      | HP: 1/24 [goblin (2)]
  1981 | D:2      | Frozen to death by an endoplasm

Illustrated notes

Levels and vault maps discovered:
D:1:      minmay_arrival_jagged, layout_basic
D:2:      layout_basic, hellmonk_ecumenical_altar_lost_god, uniq_jessica
D:3:      layout_basic, mainiacjoe_overflow_brackets, minmay_ogre_servants

Skill      XL: |  1  2  3  4 |
---------------+-------------+-----
Spellcasting   | 4 5 |  5.0
Conjurations   | 5 |  5.5
Dodging        | |  2.4
Stealth        | |  2.4

Action                   |  1- 3 |  4- 6 || total
-------------------------+-------+-------++-------
 Cast: Magic Dart        |    49 |    10 ||    59
       Searing Ray       |     4 |     1 ||     5
  Use: Scroll            |       |     1 ||     1
Armor: Robe              |     1 |       ||     1
Dodge: Dodged            |     6 |     2 ||     8
